[Event "DSOL-KO 2022"]
[Site "Germany"]
[Date "2022.05.10"]
[Round "2"]
[White "Kuepper, Victor"]
[Black "Kurley, Roman"]
[Result "0-1"]
[ECO "B13"]
[WhiteElo "1603"]
[BlackElo "1846"]
[Annotator "NA RC COMBH"]
[PlyCount "122"]
[EventDate "2022.01.31"]
[EventType "team-tourn"]
[EventCountry "GER"]
[SourceTitle "playchess.com"]
[Source "ChessBase"]
[SourceQuality "1"]
[WhiteTeam "Brackweder SK I"]
[BlackTeam "Hamburger SK II"]
[TimeControl "2700+15"]

1. e4 c6 2. d4 d5 3. exd5 cxd5 4. Bb5+ Nc6 5. c3 Bf5 6. Nf3 Qb6 7. Ba4 e6 8. O-O Bd6 9. Nbd2 Nf6 10. Re1 O-O 11. Nf1 Ne4 12. Nh4 Ne7 13. Bc2 Qc6 14. Nxf5 Nxf5 15. f3 (15. Bxe4 $16 dxe4 16. Qg4) 15... Nf6 16. Bxf5 exf5 17. Bg5 Nh5 18. Ne3 h6 19. Bh4 (19. f4 $1 $14 Nxf4 20. Bxf4 Bxf4 21. Nxf5) 19... g5 (19... g6 $11) 20. Bf2 Ng7 21. Qd3 Qd7 22. Kh1 (22. Nxd5 $16 Bxh2+ 23. Kxh2 Qxd5 24. c4) 22... Bc7 23. Re2 (23. b3 $142) 23... Rae8 24. Rae1 Kh8 25. Nc2 Re6 26. Rxe6 fxe6 27. Qd2 Nh5 28. Nb4 Qd6 29. g3 Nf6 30. Nd3 Nd7 31. f4 g4 {[#]} (31... Nf6 $1 $14) 32. Ne5 (32. Nc5 $1 $16 Re8 33. Nxb7) 32... Kg7 33. Nd3 b6 34. Qe3 Re8 35. Kg2 Nf6 36. Qe2 Ne4 37. Be3 h5 38. Ne5 (38. Nf2 $15) 38... Rh8 39. Qb5 h4 40. gxh4 Qe7 41. Qd7 Qxd7 42. Nxd7 Rxh4 43. Ne5 Rh3 44. Bg1 (44. Nd3 $142) 44... Bxe5 45. fxe5 Rd3 46. Re2 Kg6 47. Be3 Ng5 $19 48. Bxg5 Kxg5 49. Kf2 f4 50. Rc2 Kf5 51. Kg2 Ke4 52. Rf2 Rh3 53. Re2+ Kd3 54. Rf2 Ke3 55. Rc2 f3+ 56. Kg1 g3 57. hxg3 Rxg3+ 58. Kf1 Rh3 59. Kg1 b5 60. a3 a5 61. b4 a4 0-1

[Event "DSOL-KO 2022"]
[Site "Germany"]
[Date "2022.05.11"]
[Round "2"]
[White "Raschke, Joris"]
[Black "Retzlaff, Wolfgang"]
[Result "1-0"]
[ECO "B19"]
[WhiteElo "1589"]
[BlackElo "1597"]
[Annotator "NA RC COMBH"]
[PlyCount "107"]
[EventDate "2022.01.31"]
[EventType "team-tourn"]
[EventCountry "GER"]
[SourceTitle "playchess.com"]
[Source "ChessBase"]
[SourceQuality "1"]
[TimeControl "2700+15"]

1. e4 c6 2. d4 d5 3. Nc3 dxe4 4. Nxe4 Bf5 5. Ng3 Bg6 6. h4 h6 7. h5 Bh7 8. Nf3 Nd7 9. Bd3 Bxd3 10. Qxd3 e6 11. Bf4 Ngf6 12. O-O Nd5 13. Bd2 Bd6 14. Ne4 N7f6 15. c4 Nxe4 16. Qxe4 Nf6 17. Qh4 O-O 18. Bc3 Be7 19. Rfd1 Nd5 20. Qe4 Nxc3 21. bxc3 Bf6 22. Rab1 Rb8 23. Rd2 Qa5 24. Rb3 Qc7 25. Rdb2 Rfd8 26. Kf1 Rd7 27. Ne1 Qh2 28. Qf3 Qd6 29. Nd3 b6 30. Nc5 Re7 31. Ne4 Qd7 32. Nxf6+ gxf6 33. Qxf6 Kh7 34. c5 b5 35. a4 a6 36. axb5 axb5 37. c4 Qa7 38. cxb5 cxb5 39. Qf3 Qa6 40. Qd3+ Kg7 41. Ra3 Qc6 42. Qg3+ Kh7 43. Qxb8 Qd5 44. Qd6 Qc4+ 45. Re2 Qc1+ 46. Re1 Qxa3 47. Qxe7 Qd3+ 48. Kg1 Kg7 49. Qh4 Qd2 50. Qg3+ Kh7 51. Qe3 Qb4 52. c6 Qd6 53. Rc1 Qc7 54. Qe5 1-0

[Event "DSOL-KO 2022"]
[Site "Germany"]
[Date "2022.05.11"]
[Round "2"]
[White "Goldmann, David"]
[Black "Kaiser, Gerhard"]
[Result "1/2-1/2"]
[ECO "B23"]
[WhiteElo "1585"]
[BlackElo "1950"]
[Annotator "TA"]
[PlyCount "113"]
[EventDate "2022.01.31"]
[EventType "team-tourn"]
[EventCountry "GER"]
[SourceTitle "playchess.com"]
[Source "ChessBase"]
[SourceQuality "1"]
[TimeControl "2700+15"]

1. e4 c5 2. Nc3 e6 3. g3 d5 4. exd5 exd5 5. Bg2 Nf6 6. d3 h6 {Inhibits Bg5. B23: Closed Sicilian: Lines without g3.} 7. Nge2 d4 8. Ne4 Nxe4 9. Bxe4 Bd6 10. Bf4 O-O {[#]} 11. Qd2 $146 ({Predecessor:} 11. O-O Nc6 12. Bxd6 Qxd6 13. Bg2 Bg4 14. f3 Bd7 15. Qd2 Rfe8 16. Rfe1 Nb4 17. Nf4 {½-½ (37) Rozsa,S (1972)-Balvanyos,I (2143) Budapest 2011}) 11... Nc6 12. Bxh6 Ne5 (12... Be7 $1 $11) 13. Bf4 Rb8 14. h4 Bg4 15. Bxe5 Bxe5 16. f3 (16. Nf4 $14) 16... Be6 {This bishop pair is nice.} (16... f5 $5 17. fxg4 fxe4 18. dxe4 Qf6 $11) 17. f4 (17. g4 $14) 17... Bc7 $11 18. h5 (18. f5 $11 Bd5 19. O-O-O) 18... Re8 19. O-O-O (19. f5 $15 Bd5 20. O-O-O (20. h6 Ba5 $17)) 19... Ba5 $17 (19... Bxa2 $6 20. f5 $11) 20. c3 Bxa2 $2 (20... Bg4 $17 21. Rde1 Qf6) 21. b4 (21. h6 $1 $14) 21... dxc3 $2 22. Qxa2 $16 {Chess con chili.} cxb4 23. h6 Qb6 {aiming for ...b3.} 24. Kc2 ({Better is} 24. Bd5 $1 Re7 25. Rh2) 24... Qb5 $2 (24... gxh6 $16 25. Nc1 Rbd8) 25. Nd4 (25. h7+ Kh8 $11) 25... Qd7 {[#]} (25... b3+ $142 26. Qxb3 Qxb3+ 27. Nxb3 Bb6 28. hxg7 Rbc8) 26. hxg7 $1 $18 Bb6 27. Nf5 Qxf5 28. Rh8+ Kxg7 29. Rxe8 (29. Bxf5 Re2+ 30. Kb3 Rxa2 31. Rh7+ (31. Rxb8 Rb2+ 32. Ka4 c2 $11) 31... Kf6 32. Kxa2 Kxf5 $14) 29... Qg4 (29... Rxe8 $142 30. Bxf5 Re2+ 31. Kb3 Rxa2 32. Kxa2 Kf6) 30. Bf3 $4 {[%mdl 8192] [#]} (30. Rxb8 $18 {and all is fine.} Qe2+ 31. Kb3 Qxd1+ 32. Kxb4) 30... Qxf3 $1 $19 31. Re7 (31. Rxb8 $2 Qe2+ 32. Kb3 Qe6+ 33. Kxb4 Qxa2 $19) 31... Qf2+ ({Worse is} 31... Rf8 32. Rde1 $17) 32. Kb1 Qxa2+ 33. Kxa2 {[%mdl 4096] Endgame KRR-KRB} Kf6 34. Re4 (34. Re5 $17) 34... Bc5 35. Kb3 (35. Rc4 $17 {is a better defense.} Bf8 36. Kb3) 35... b5 $2 ({Black should try} 35... a5 $19 {Strongly threatening ...b5.} 36. d4 Bd6) 36. Ra1 Rc8 37. Re2 Rd8 38. Ra6+ Bb6 39. Kxb4 Rxd3 40. g4 Rg3 41. g5+ Kf5 42. Kxb5 Kxf4 43. Ra4+ Kxg5 44. Rc4 f5 45. Rc8 f4 46. Rc2 (46. Kc4 $11 {remains equal.}) 46... Kg4 (46... Bd4 $1 $17 {Threatens to win with ...Rd3.} 47. Rf8 Bg7) 47. Rg8+ Kf5 48. Rf8+ Ke4 49. Kc4 Re3 50. Rf2 (50. Re8+ $11 Kf3 51. Rxc3) 50... Bc7 $1 $17 {...f3 is the strong threat.} 51. Ra8 f3 ({Of course not} 51... Bb6 52. Re8+ Kf5 53. Rf8+ Ke5 54. R2xf4 $11) 52. Rxa7 {[#]} Be5 {And now ...Re2 would win.} ({Much weaker is} 52... Re2 53. Rxf3 Kxf3 54. Rxc7 $11) 53. Rf7 {[#]} Bg3 (53... Re1 $1 $17) 54. Re7+ $11 {The position is equal.} Kf4 55. Rxe3 {[%mdl 64] Remove Defender} Kxe3 56. Rxf3+ Kxf3 57. Kxc3 {Quite a comeback for White.  Weighted Error Value: White=0.40/Black=0.49} 1/2-1/2

[Event "DSOL-KO 2022"]
[Site "Germany"]
[Date "2022.05.10"]
[Round "2"]
[White "Tonev, Vasil"]
[Black "Kretschmer, Oliver"]
[Result "1-0"]
[ECO "A03"]
[WhiteElo "1549"]
[BlackElo "1630"]
[Annotator "NA RC COMBH"]
[PlyCount "63"]
[EventDate "2022.01.31"]
[EventType "team-tourn"]
[EventCountry "GER"]
[SourceTitle "playchess.com"]
[Source "ChessBase"]
[SourceQuality "1"]
[WhiteTeam "SV Horrem"]
[BlackTeam "Lok Raw Cottbus"]
[TimeControl "2700+15"]

1. f4 c6 2. Nf3 d5 3. b3 Nf6 4. e3 Bg4 5. Be2 e6 6. Ne5 Bxe2 7. Qxe2 Nbd7 8. Bb2 Qc7 9. O-O Bd6 10. d4 Ne4 11. Nxd7 Qxd7 12. Nd2 Nxd2 13. Qxd2 O-O-O 14. c4 dxc4 15. bxc4 Rhg8 16. Qc2 h5 17. e4 Bc7 18. Rad1 g5 19. f5 g4 20. d5 exd5 21. cxd5 cxd5 22. Rxd5 Qe7 23. f6 Qe6 24. Rc5 Qb6 25. Be5 Rd6 26. Bxd6 Qxd6 27. Rc1 Qxh2+ 28. Kf1 Qh1+ 29. Kf2 Qh4+ 30. Ke2 Qxf6 31. Rxc7+ Kb8 32. Rc8+ 1-0

[Event "DSOL-KO 2022"]
[Site "Germany"]
[Date "2022.05.10"]
[Round "2"]
[White "Huran, Ahmad"]
[Black "Bast, Patrick"]
[Result "1-0"]
[ECO "B01"]
[WhiteElo "1506"]
[BlackElo "1510"]
[Annotator "NA RC COMBH"]
[PlyCount "59"]
[EventDate "2022.01.31"]
[EventType "team-tourn"]
[EventCountry "GER"]
[SourceTitle "playchess.com"]
[Source "ChessBase"]
[SourceQuality "1"]
[WhiteTeam "SV Lurup Hamburg II"]
[BlackTeam "SF Ochtendung I"]
[TimeControl "2700+15"]

1. e4 d5 2. exd5 Qxd5 3. Nc3 Qd8 4. d4 e6 5. Nf3 Nc6 6. Bd3 Nf6 7. O-O h6 8. h3 Bd6 9. Ne4 Nxe4 10. Bxe4 Bd7 11. c3 Qe7 12. a4 O-O 13. Re1 Rab8 14. Bc2 Qd8 15. Qd3 f5 16. Bb3 Qf6 17. Ne5 Be8 18. Nxc6 bxc6 19. Rxe6 Qf7 20. Bc4 Bd7 21. Rxd6 cxd6 22. Bxf7+ Rxf7 23. Qg3 Rf6 24. b4 Re8 25. Bf4 d5 26. Be5 Rf7 27. Qg6 Be6 28. Bxg7 Rxg7 29. Qxe8+ Kh7 30. Qxe6 1-0

[Event "DSOL-KO 2022"]
[Site "Germany"]
[Date "2022.05.10"]
[Round "2"]
[White "Kort, Felix"]
[Black "Schreiber, Florian"]
[Result "1-0"]
[ECO "E32"]
[WhiteElo "1464"]
[BlackElo "1845"]
[Annotator "NA RC COMBH"]
[PlyCount "55"]
[EventDate "2022.01.31"]
[EventType "team-tourn"]
[EventCountry "GER"]
[SourceTitle "playchess.com"]
[Source "ChessBase"]
[SourceQuality "1"]
[WhiteTeam "Hamburger SK II"]
[BlackTeam "Brackweder SK I"]
[TimeControl "2700+15"]

1. d4 Nf6 2. c4 e6 3. Nc3 Bb4 4. Qc2 O-O 5. e4 d5 6. e5 Ne4 7. Bd3 c5 8. Nf3 cxd4 9. Nxd4 Nd7 10. Bf4 Qh4 11. g3 Qh5 12. O-O Nxe5 13. Be2 Qg6 14. Nxe4 dxe4 (14... Nc6 {was necessary.} 15. Nxc6 bxc6) 15. Bxe5 f6 16. Bc7 Qf7 17. Nb5 Qg6 18. Bd6 Bxd6 19. Nxd6 e5 20. Qxe4 Qxe4 21. Nxe4 Bd7 22. c5 Be6 23. Nd6 Rfd8 $18 24. Rfd1 Rab8 25. Bf3 f5 26. Bd5 Bxd5 27. Rxd5 b6 28. c6 1-0

[Event "DSOL-KO 2022"]
[Site "Germany"]
[Date "2022.05.19"]
[Round "2.1"]
[White "Kurch, Sebastian"]
[Black "Schneble, Milan"]
[Result "1-0"]
[ECO "E62"]
[WhiteElo "2004"]
[BlackElo "1639"]
[Annotator "TA"]
[PlyCount "63"]
[EventDate "2022.01.31"]
[EventType "team-tourn"]
[EventCountry "GER"]
[SourceTitle "playchess.com"]
[Source "ChessBase"]
[SourceQuality "1"]
[TimeControl "2700+15"]

1. c4 d6 2. Nc3 Nf6 3. g3 g6 4. Bg2 Bg7 5. Nf3 Nc6 6. d4 Bg4 7. O-O O-O 8. d5 Bxf3 9. exf3 Ne5 10. b3 {E62: King's Indian: Fianchetto: 6...c6 and Panno Variation (6...Nc6) without ...a6.} Nfd7 11. Bb2 {Black must now prevent f4.} Nc5 {[#]} 12. Rb1 $1 {White is better.} Ned3 {[#]} 13. Ba1 {Strongly threatening b4.} a5 {[#]} 14. f4 $146 ({Predecessor:} 14. a3 Ne5 15. Ne4 Ned7 16. Bxg7 Kxg7 17. b4 axb4 18. axb4 Na4 19. Ra1 Nab6 20. c5 dxc5 21. bxc5 Rxa1 22. Qxa1+ {1-0 (44) Mack,P-Salonen,J Groningen 1973}) 14... Nb4 15. a3 Nba6 (15... Nbd3 $2 16. Qc2) 16. Re1 Nd7 17. Nb5 Bxa1 18. Rxa1 Rb8 19. Re3 c6 $2 (19... Ra8 {was worth a try.} 20. Qe2 Nac5) 20. dxc6 $18 bxc6 21. Nd4 Qb6 (21... e6 $142 22. Nxc6 Qc7 23. Nxb8 Rxb8) 22. Rxe7 Ndc5 23. Nxc6 Rbc8 24. Nd4 Rb8 25. Rb1 {White is clearly winning.} Nc7 (25... Rbc8 $142 26. Nb5 Ne6) 26. Nc6 Rbc8 27. Qxd6 Ne8 {[#]} 28. Rxe8 $1 Rfxe8 29. Ne7+ Rxe7 30. Qxb6 a4 31. bxa4 Nxa4 32. Qa6 {[%csl LRa4,LRc8] White took control after the opening.  Weighted Error Value: White=0.17 (very precise) /Black=0.54} 1-0

[Event "DSOL-KO 2022"]
[Site "Germany"]
[Date "2022.05.13"]
[Round "2.1"]
[White "Meyer-Dunker, Paul"]
[Black "Heinsohn, Guenther"]
[Result "1/2-1/2"]
[ECO "B90"]
[WhiteElo "1878"]
[BlackElo "1890"]
[Annotator "NA RC COMBH"]
[PlyCount "92"]
[EventDate "2022.01.31"]
[EventType "team-tourn"]
[EventCountry "GER"]
[SourceTitle "playchess.com"]
[Source "ChessBase"]
[SourceQuality "1"]
[WhiteTeam "SK Johanneum Eppendorf I"]
[BlackTeam "TSG Taucha I"]
[TimeControl "2700+15"]

1. e4 c5 2. Nf3 d6 3. d4 cxd4 4. Nxd4 Nf6 5. Nc3 a6 6. Rg1 e5 7. Nb3 Be6 8. g4 h6 9. h4 d5 10. exd5 Nxd5 11. Nxd5 Bxd5 12. Bg2 Bxg2 13. Qxd8+ Kxd8 14. Rxg2 Nc6 15. Be3 Kc7 16. O-O-O Be7 17. h5 Rad8 18. f3 Rxd1+ 19. Kxd1 Rd8+ 20. Rd2 Rxd2+ 21. Kxd2 Nb4 22. a4 Nd5 23. Kd3 Bd6 24. Nd2 b5 25. axb5 axb5 26. Ne4 Be7 27. Nd2 Kc6 28. b3 Bb4 29. Ne4 Bf8 30. c4 Nxe3 31. Kxe3 bxc4 32. bxc4 g6 33. hxg6 fxg6 34. f4 exf4+ 35. Kxf4 Be7 36. Ke5 h5 37. gxh5 gxh5 38. Kf5 h4 39. Kg4 Kd7 40. Nd2 Kc6 41. Ne4 Kd7 42. Nd2 Ke6 43. Nf3 Kd6 44. Nxh4 Bxh4 45. Kxh4 Kc5 46. Kg4 Kxc4 1/2-1/2

[Event "DSOL-KO 2022"]
[Site "Germany"]
[Date "2022.05.13"]
[Round "2.1"]
[White "Pruefer, Friedbert"]
[Black "Schroeder, Christoph"]
[Result "1/2-1/2"]
[ECO "D00"]
[WhiteElo "1831"]
[BlackElo "1839"]
[Annotator "NA RC COMBH"]
[PlyCount "46"]
[EventDate "2022.01.31"]
[EventType "team-tourn"]
[EventCountry "GER"]
[SourceTitle "playchess.com"]
[Source "ChessBase"]
[SourceQuality "1"]
[WhiteTeam "TSG Taucha I"]
[BlackTeam "SK Johanneum Eppendorf I"]
[TimeControl "2700+15"]

1. d4 d5 2. Bf4 Nf6 3. e3 c5 4. dxc5 Qa5+ 5. c3 Qxc5 6. Qd4 Qxd4 7. exd4 Nc6 8. Nf3 Bg4 9. Ne5 Nxe5 10. dxe5 Nd7 11. Na3 a6 12. Bd3 e6 13. f3 Bh5 14. Nc2 Bg6 15. Bxg6 hxg6 16. Nd4 Nc5 17. Ke2 Be7 18. Rhd1 Rc8 19. Rac1 Na4 20. Rc2 b5 21. Kd3 Nb6 22. b3 Kd7 23. h3 Rc7 1/2-1/2

[Event "DSOL-KO 2022"]
[Site "Germany"]
[Date "2022.05.19"]
[Round "2.1"]
[White "Bleisinger, Emil"]
[Black "Christensen, John Christopher"]
[Result "0-1"]
[ECO "B43"]
[WhiteElo "1764"]
[BlackElo "1701"]
[Annotator "NA RC COMBH"]
[PlyCount "52"]
[EventDate "2022.01.31"]
[EventType "team-tourn"]
[EventCountry "GER"]
[SourceTitle "playchess.com"]
[Source "ChessBase"]
[SourceQuality "1"]
[TimeControl "2700+15"]

1. e4 c5 2. Nf3 e6 3. d4 cxd4 4. Nxd4 a6 5. Nc3 Qc7 6. Bd3 Nf6 7. O-O d6 8. Be3 Nbd7 9. Kh1 Be7 10. f4 O-O 11. Qe2 b5 12. Rad1 Nc5 13. a3 Bb7 14. Bc1 Rac8 15. f5 e5 16. Nf3 Kh8 17. h3 Rfe8 18. g4 d5 19. exd5 Nxd5 20. Ne4 f6 21. Kh2 Nxd3 22. cxd3 b4 23. axb4 Nxb4 24. g5 Bd5 25. gxf6 Bxf6 26. Bf4 exf4 0-1

[Event "DSOL-KO 2022"]
[Site "Germany"]
[Date "2022.05.19"]
[Round "2.1"]
[White "Herrmany, Marius"]
[Black "Wolf, Christian"]
[Result "0-1"]
[ECO "D35"]
[WhiteElo "1707"]
[BlackElo "1666"]
[Annotator "NA RC COMBH"]
[PlyCount "70"]
[EventDate "2022.01.31"]
[EventType "team-tourn"]
[EventCountry "GER"]
[SourceTitle "playchess.com"]
[Source "ChessBase"]
[SourceQuality "1"]
[TimeControl "2700+15"]

1. d4 Nf6 2. c4 e6 3. Nc3 d5 4. Bf4 c5 5. e3 cxd4 6. exd4 Bd6 7. Be3 dxc4 8. Bxc4 O-O 9. Nge2 b6 10. O-O Qc7 11. Qd3 Bxh2+ 12. Kh1 Bd6 13. Nb5 Qe7 14. Bg5 Nbd7 15. Qf3 Rb8 16. Nxd6 Qxd6 17. Bf4 e5 18. dxe5 Nxe5 19. Qg3 Nfd7 20. Rad1 Qf6 21. Bb5 Rb7 22. Ba6 Rc7 23. Rxd7 Nxd7 24. Rd1 Bxa6 25. Bxc7 Bxe2 26. Rxd7 Qxb2 27. Be5 Qc1+ 28. Kh2 Qh6+ 29. Kg1 Qc1+ 30. Kh2 Qh6+ 31. Kg1 Rc8 32. Bf4 Qh5 33. Rxa7 Rd8 34. Bd6 Qh6 35. Qc3 Qxd6 0-1

[Event "DSOL-KO 2022"]
[Site "Germany"]
[Date "2022.05.19"]
[Round "2.1"]
[White "Maisuradze, Daviti"]
[Black "Mader, Lena"]
[Result "1-0"]
[ECO "B12"]
[WhiteElo "1705"]
[BlackElo "1824"]
[Annotator "NA RC COMBH"]
[PlyCount "63"]
[EventDate "2022.01.31"]
[EventType "team-tourn"]
[EventCountry "GER"]
[SourceTitle "playchess.com"]
[Source "ChessBase"]
[SourceQuality "1"]
[TimeControl "2700+15"]

1. e4 c6 2. d4 d5 3. e5 Bf5 4. Bd3 Bxd3 5. Qxd3 e6 6. Nf3 c5 7. Be3 cxd4 8. Nxd4 Nc6 9. f4 Nge7 10. a3 Rc8 11. Nd2 Nxd4 12. Bxd4 Nc6 13. Bf2 Be7 14. Nf3 Qc7 15. b4 a6 16. O-O O-O 17. Rac1 b5 18. Nd2 a5 19. c3 Qb7 20. Nb3 a4 21. Nc5 Bxc5 22. Bxc5 Rfd8 23. Rf3 Na5 24. Re1 Nc4 25. f5 exf5 26. Qxf5 g6 27. Qf6 Nd2 28. Rd3 Ne4 29. Rxe4 dxe4 30. Rxd8+ Rxd8 31. Qxd8+ Kg7 32. Qf8# 1-0

[Event "DSOL-KO 2022"]
[Site "Germany"]
[Date "2022.05.13"]
[Round "2.1"]
[White "Schoeneberg, Manfred"]
[Black "Seidel, Mika"]
[Result "0-1"]
[ECO "B85"]
[WhiteElo "1703"]
[BlackElo "2037"]
[Annotator "TA"]
[PlyCount "90"]
[EventDate "2022.01.31"]
[EventType "team-tourn"]
[EventCountry "GER"]
[SourceTitle "playchess.com"]
[Source "ChessBase"]
[SourceQuality "1"]
[WhiteTeam "TSG Taucha I"]
[BlackTeam "SK Johanneum Eppendorf I"]
[TimeControl "2700+15"]

1. e4 c5 2. Nf3 e6 3. d4 cxd4 4. Nxd4 a6 5. Be2 Qc7 6. O-O Nf6 7. Nc3 Be7 8. Be3 d6 9. f4 O-O 10. Bf3 {10.Kh1 is becoming the main line.} Nc6 11. Nxc6 bxc6 12. Kh1 {B85: Sicilian Scheveningen: 6 Be2 a6, lines with early Be3.} (12. Na4 $14) 12... Bb7 13. Qd2 c5 14. Rad1 {[#] The position is equal.} Rad8 $146 ({Predecessor:} 14... Rfb8 15. b3 Rd8 16. Qe2 d5 17. exd5 exd5 18. Bc1 d4 19. Ne4 Nd5 20. a4 a5 {0-1 (33) Molinsky,H-Trippe,J ICCF corr 1990}) 15. Qf2 d5 16. e5 d4 17. exf6 Bxf6 18. Ne4 Bxe4 $17 {Black converts the advantage convincingly.} ({But not} 18... dxe3 19. Nxf6+ gxf6 20. Qg3+ Kh8 21. Qh4 $16) 19. Bxe4 {Hoping for Bc1.} dxe3 20. Qxe3 Bxb2 21. Qh3 {[#]} (21. f5 $142) 21... g6 $1 22. Qb3 Rxd1 23. Rxd1 Qxf4 $40 {[%mdl 128] Black wants a kill.} 24. Bf3 (24. Bb7 $142 Bf6 25. Qf3 Qxf3 26. gxf3) 24... Qb4 25. Qxb4 cxb4 $19 {[%mdl 4096] Endgame KRB-KRB} 26. Rd6 Rc8 27. Rxa6 Rxc2 {[#] ( -> ...Rc1+)} 28. g3 Ba3 29. Ra8+ Kg7 30. Rb8 Rxa2 31. h4 Rb2 32. Ra8 h5 33. g4 Rb3 34. Be2 hxg4 35. Bxg4 Bc1 {And now ...Ra3 would win.} 36. Kg2 Rc3 37. Bd1 (37. Ra7 $142 Kf6 38. Ra5) 37... b3 38. Rb8 b2 {...f5 is the strong threat.} 39. Rb5 f5 40. h5 gxh5 41. Bxh5 Kf6 {Strongly threatening ...Rc2+.} 42. Bd1 {Against Rc2+} Kg5 43. Rb6 Re3 {Threatens to win with ...e5.} 44. Bc2 Re2+ 45. Kf3 Rxc2 {Weighted Error Value: White=0.72/Black=0.20 (precise)} 0-1

[Event "DSOL-KO 2022"]
[Site "Germany"]
[Date "2022.05.13"]
[Round "2.1"]
[White "Keyser, Robin"]
[Black "Brock, Friedemann"]
[Result "1/2-1/2"]
[ECO "A60"]
[WhiteElo "1620"]
[BlackElo "1469"]
[Annotator "NA RC COMBH"]
[PlyCount "105"]
[EventDate "2022.01.31"]
[EventType "team-tourn"]
[EventCountry "GER"]
[SourceTitle "playchess.com"]
[Source "ChessBase"]
[SourceQuality "1"]
[WhiteTeam "SK Johanneum Eppendorf I"]
[BlackTeam "TSG Taucha I"]
[TimeControl "2700+15"]

1. d4 Nf6 2. c4 e6 3. g3 c5 4. d5 exd5 5. cxd5 b5 6. e4 Nxe4 7. Bg2 Nf6 8. a4 d6 9. axb5 a6 10. Ne2 Bb7 11. bxa6 Nxa6 12. Qb3 Nb4 13. Rxa8 Qxa8 14. Nbc3 Nd3+ 15. Kf1 Nxc1 16. Nxc1 Be7 17. Qb5+ Nd7 18. Kg1 Qa6 19. Qxa6 Bxa6 20. h3 O-O 21. Kh2 Rb8 22. Re1 Kf8 23. b3 Nf6 24. g4 h6 25. Kg3 Bd8 26. f4 Ba5 27. Re3 g5 28. fxg5 hxg5 29. N3e2 Rb4 30. Rf3 Kg7 31. Rf5 Kg6 32. Bf3 Bc8 33. Rxf6+ Kxf6 34. h4 gxh4+ 35. Kxh4 Ke5 36. Nd3+ Kf6 37. Nxb4 Bxb4 38. Nf4 Bd7 39. Nd3 Bc3 40. g5+ Kg7 41. Bg4 Bb5 42. Bf5 Bd4 43. Kg4 Bxd3 44. Bxd3 f6 45. g6 Be5 46. Kf5 Bc3 47. Ke6 Be5 48. Bf5 Bf4 49. Kd7 Be5 50. Ke7 Bf4 51. Kd7 Be5 52. Ke7 Bf4 53. Kd7 1/2-1/2